 Dungeon Crawl Stone Soup version 0.17.0-15-g6d90897 (console) character file.

7 gw the Chiller (level 1, 0/15 HPs)
             Began as a Draconian Ice Elementalist on Nov 10, 2015.
             Slain by a kobold
             ... wielding a +0 short sword
              (4 damage)
             ... on level 1 of the Dungeon.
             The game lasted 00:01:07 (437 turns).

gw the Chiller (Draconian Ice Elementalist)          Turns: 437, Time: 00:01:07

Health: 0/15       AC:  4    Str: 10    XL:     1   Next: 91%
Magic:  1/3        EV: 12    Int: 15    God:
Gold:   0          SH:  0    Dex: 11    Spells: 1 memorised, 3 levels left

rFire  . . .     SeeInvis .     (no weapon)
rCold  . . .     Clarity  .     (armour unavailable)
rNeg   . . .     SustAt   .     (no shield)
rPois  .         Gourm    .     (helmet restricted)
rElec  .         Spirit   .     (no cloak)
rCorr  .         Warding  .     (no gloves)
rMut   .         Stasis   .     (no boots)
MR     .....                    (no amulet)
Stlth  ++........               (no ring)
                                (no ring)

@: not resistant to hostile enchantments, unstealthy
A: unfitting armour, cold-blooded, AC +4
a: no special abilities


You were on level 1 of the Dungeon.
You were not hungry.

You visited 1 branch of the dungeon, and saw 1 of its levels.

Inventory:

Books
 a - a book of Frost

   Spells                             Type                      Level
   a - Freeze                         Ice                          1
   b - Throw Frost                    Conjuration/Ice              2
   c - Ozocubu's Armour               Charms/Ice                   3
   d - Throw Icicle                   Conjuration/Ice              4
   e - Summon Ice Beast               Ice/Summoning                4
   f - Condensation Shield            Ice                          4
Comestibles
 b - a bread ration


   Skills:
 + Level 0.4 Fighting
 + Level 1.9 Dodging
 - Level 1.7 Stealth
 * Level 2.3 Spellcasting
   Level 1.0 Conjurations
 + Level 3.0 Ice Magic


You had 3 spell levels left.
You knew the following spells:

 Your Spells              Type           Power        Failure   Level  Hunger
a - Freeze                Ice            ##..         8%          1    #......


Dungeon Overview and Level Annotations

Branches:
Dungeon (1/15)

Altars:


Innate Abilities, Weirdness & Mutations

Your plain brown scales are hard (AC +4).
Your body does not fit into most forms of armour.
You are cold-blooded and may be slowed by cold attacks.


Message History

MOVING TO (-3,-2) Unknown command.
Unknown command.
Unknown command.
MOVING TO (-2,-1) Unknown command.
Unknown command.
Unknown command.
MOVING TO (-1,-1) Unknown command.
Unknown command.
Unknown command.
MOVING TO (7,4)
The rat bites you. The kobold barely misses you.
Unknown command.
Unknown command.
Unknown command.
MOVING TO (6,3)
The rat bites you but does no damage. The kobold hits you with a short sword.
You die...

######)......#....... ..........
#...........##....... ..........
#.########### ####.## #.........
#.# # #......... #.# #.........
#.# ##........## #.###
#############........... #...#
#.....rK...............# #...##
#......d................ ##...##
#.[..........#########.# ##..)#
#.......###..####....... #...##
##...#### ##.?.......... ~ ##...#
#.## ######....... ~~ #...## ##
#########.......
~~~##...##########..........#####
~~~~'...'.##.....(.##########
~~~##...#....#######


You could see a kobold and a rat.

Table legend:
 A = Turns spent in this place as a percentage of turns spent in the entire game.
 B = Non-inter-level travel turns spent in this place as a percentage of non-inter-level travel turns spent in the entire game.
 C = Inter-level travel turns spent in this place as a percentage of turns spent in this place.
 D = Turns resting spent in this place as a percentage of non-inter-level travel turns spent in this place.
 E = Turns spent auto-exploring this place as a percentage of non-inter-level travel turns spent in this place.
 F = Non-inter-level travel turns spent in this place divided by the number of levels of this place that you've seen.
                   A       B       C       D       E      F
               +-------+-------+-------+-------+-------+----------------------
         Total | 100.0 | 100.0 |   0.0 |   0.5 |   1.7 | 1507.0
       Dungeon | 100.0 | 100.0 |   0.0 |   0.5 |   1.7 | 1507.0
               +-------+-------+-------+-------+-------+----------------------

Table legend:
 A = Kills in this place as a percentage of kills in entire the game.
 B = Kills by you in this place as a percentage of kills by you in the entire game.
 C = Kills by friends in this place as a percentage of kills by friends in the entire game.
 D = Other kills in this place as a percentage of other kills in the entire game.
 E = Experience gained in this place as a percentage of experience gained in the entire game.
 F = Experience gained in this place divided by the number of levels of this place that you have seen.
                   A       B       C       D       E      F
               +-------+-------+-------+-------+-------+----------------------
         Total | 100.0 | 100.0 |  -nan |  -nan | 100.0 |  11.0
       Dungeon | 100.0 | 100.0 |  -nan |  -nan | 100.0 |  11.0
               +-------+-------+-------+-------+-------+----------------------

Vanquished Creatures
  2 bats (D:1)
  2 hobgoblins (D:1)
  A kobold (D:1)
  2 rats (D:1)
7 creatures vanquished.

Notes
Turn   | Place    | Note
--------------------------------------------------------------
     0 | D:1      | gw the Draconian Ice Elementalist began the quest for the Orb.
     0 | D:1      | Reached XP level 1. HP: 14/14 MP: 3/3
   437 | D:1      | Slain by a kobold

Action                   || total
-------------------------++-------
 Cast: Freeze            ||    13

Vault maps used:
D:1:      evilmike_arrival_crescent
